 Dungeon Crawl Stone Soup version 0.31-a0-358-gac0dbeb3ab (webtiles) character file.

Game seed: 1250505473315283664

4221 CraigForest the Grappler (level 10, -1/103 HPs)
             Began as a Black Draconian Shapeshifter on July 26, 2023.
             Was a Follower of Hepliaklqana.
             Slain by a two-headed ogre
             ... wielding a +0 dire flail
              (2 damage)
             ... on level 7 of the Dungeon.
             The game lasted 00:46:19 (8015 turns).

CraigForest the Grappler (DrSh)                     Turns: 8015, Time: 00:46:21

Health: -1/103     AC: 25    Str: 21    XL:     10   Next: 9%
Magic:  19/19      EV:  2    Int:  9    God:    Hepliaklqana [*.....]
Gold:   327        SH:  5    Dex: 12    Spells: 9/9 levels left

rFire   . .          .
                       - Unarmed
rCold   . . .        (no shield)
rNeg    . . .        (body armour unavailable)
rPois   +            (helmet currently unavailable)
rElec   .            p - melded +0 cloak
rCorr   +            r - melded +2 pair of gloves
SInv    .            D - melded +0 pair of boots
Will    .....        E - amulet of reflection
Stlth   +            o - ring of magical power
HPRegen 0.37/turn    A - ring of resist corrosion
MPRegen 0.16/turn

%: reflection
@: lethally poisoned (-1 -> -5), tree-form, hasted, very quick
A: stationary, stasis, torment immunity, boosted hp, reduced essence, (breathe
lightning), AC +7, unfitting armour, (electricity resistance), (cold-blooded)
a: Renounce Religion, Recall Ancestor, Ancestor Identity


You were on level 7 of the Dungeon.
You worshipped Hepliaklqana.
Hepliaklqana was aware of your devotion.
You were a tree.
You visited 2 branches of the dungeon, and saw 8 of its levels.

You collected 327 gold pieces.

Inventory:

Hand Weapons
 e - a +0 hand axe
 n - a +0 dagger of speed
 v - a +2 flail of holy wrath
 x - a +5 scythe of flaming
Missiles
 B - a throwing net
Armour
 p - a +0 cloak (melded)
 r - a +2 pair of gloves (melded)
 s - a +0 buckler
 t - a scarf of shadows
 D - a +0 pair of boots (melded)
Jewellery
 o - a ring of magical power (left branch)
 A - a ring of resist corrosion (right branch)
 C - an amulet of guardian spirit
 E - an amulet of reflection (around neck)
Talismans
 b - a beast talisman
Wands
 j - a wand of mindburst (49)
 u - a wand of flame (47) (quivered)
 y - a wand of paralysis (2)
 z - a wand of iceblast (23)
 G - a wand of polymorph (4)
Scrolls
 c - 2 scrolls of noise
 d - a scroll of revelation
 k - a scroll of teleportation
 m - a scroll of amnesia
 F - a scroll of identify
 H - a scroll of silence
 I - a scroll of fear
Potions
 a - 2 potions of lignification
 f - a potion of mutation {unknown}
 g - a potion of degeneration {unknown}
 h - 2 potions of haste
 i - a potion of berserk rage {unknown}
 l - a potion of curing
 q - a potion of might {unknown}
 w - a potion of cancellation {unknown}


   Skills:
 + Level 3.0 Fighting
 * Level 5.4 Dodging
 - Level 0.1 Stealth
 + Level 0.1 Shields
 * Level 12.5 Unarmed Combat
 * Level 5.2 Shapeshifting


You had 9 spell levels left.
You didn't know any spells.
Your spell library contained the following spells:

 Spells                   Type           Power      Damage    Failure   Level
 Conjure Ball Lightning   Conj/Air       0%         3x3d6     100%        6
 Discord                  Hex            0%         N/A       100%        8
 Disjunction              Tloc           0%         N/A       100%        8


Dungeon Overview and Level Annotations

Branches:
Dungeon (7/15)             Temple (1/1) D:6

Altars:
Ashenzari
Cheibriados
Dithmenos
Elyvilon
Fedhas
Gozag
Hepliaklqana
Kikubaaqudgha
Makhleb
Nemelex Xobeh
Okawaru
Qazlal
Ru
Sif Muna
Trog
Uskayaw
Vehumet
Xom
Yredelemnul
Zin
The Shining One

Shops:
D:2 !   D:6 (

Annotations:
D:7 garrulousMonolith's ghost, novice OpSh


Innate Abilities, Weirdness & Mutations

You are a tree.
Your roots penetrate the ground, keeping you stationary.
You cannot be teleported.
You are immune to unholy pain and torment.
Your maximum health is greatly increased.
Your equipment is partially melded.
Your life essence is reduced to manifest your ancestor. (-10% HP)
((You can breathe wild blasts of lightning.))
((Your glossy black scales are hard. (AC +7)))
You cannot fit into any form of body armour.
((You are resistant to electric shocks. (rElec)))
((You are cold-blooded and may be slowed by cold attacks.))


Message History

Your punch misses garrulousMonolith's ghost.
GarrulousMonolith's ghost is lightly damaged.
You feel sick.
GarrulousMonolith's ghost hits you but does no damage.
The bullfrog hits you but does no damage.
You hit garrulousMonolith's ghost but do no damage.
Your tail-slap misses garrulousMonolith's ghost.
GarrulousMonolith's ghost is lightly damaged.
GarrulousMonolith's ghost closely misses you.
You enter the transporter and appear at another place.
You feel sick. GarrulousMonolith's ghost hits you.
* * * LOW HITPOINT WARNING * * *
You are more poisoned.
You turn into a tree.
Your +0 cloak melds into your body.
Your +2 pair of gloves melds into your body.
Your +0 pair of boots melds into your body.
Your roots penetrate the ground.
You feel very sick.
The two-headed ogre hits you but does no damage.
The two-headed ogre hits you with a +0 giant club!
* * * LOW HITPOINT WARNING * * *
GarrulousMonolith's ghost hits you but does no damage.
You are more poisoned.
You feel better.
GarrulousMonolith's ghost hits you but does no damage.
The two-headed ogre hits you with a +0 dire flail!
* * * LOW HITPOINT WARNING * * *
The two-headed ogre hits you with a +0 giant club.
* * * LOW HITPOINT WARNING * * *
You feel yourself speed up.
GarrulousMonolith's ghost hits you but does no damage.
You are poisoned.
The shadow imp summons a swarm of flies.
You miss garrulousMonolith's ghost.
GarrulousMonolith's ghost is lightly damaged.
You feel sick.
The two-headed ogre hits you with a +0 dire flail!
* * * LOW HITPOINT WARNING * * *
The two-headed ogre hits you with a +0 giant club.
You die...

≈≈≈≈≈#.###.......# #.# #.##.#
≈≈#≈~...[...#.##.# #.# #.##.#
≈≈#≈≈........#.#.###.# #.##.#
≈≈#≈~#.###..###....#.# #.##.#
~≈≈≈~#.###.## ##.#)#.#### #.##.#
~###~..##.## ##.).....###.##.##
≈≈~~≈#####.#####.######..........
###..# ##......O......####......
##.# #......W♣.....).# #####.#
####.## #...#########...# #.#
......###..##8.Fcs58##..# #.#
...........#.....$..©#..# #..
#########..#.#.....#.#..# #.#
#..#..#...#..#..# #.#
#..#....©....#..# #.#
#..#..#...#..#..# #.# ###
#..#.#.....#.#[.# #..


You could see a two-headed ogre, a bullfrog, a centaur, a scorpion,
garrulousMonolith's ghost and a shadow imp.

Vanquished Creatures
  Maggie (D:7)
  Grinder (D:3)
  Sigmund (D:4)
  2 slime creatures (D:7)
  Menkaure (D:5)
  Edmund (D:4)
  3 water moccasins
  Duvessa (D:5)
  An ice beast (D:6)
  3 black bears
  2 sky beasts
  An ogre (D:7)
  2 phantoms (D:5)
  5 kobold brigands
  2 bullfrogs (D:7)
  A scorpion (D:6)
  Dowan (D:5)
  An electric eel (D:7)
  6 jellies
  5 hounds
  3 orc priests
  A gnoll bouda (D:6)
  9 iguanas
  5 orc wizards (D:5)
  2 sleepcaps
  Ijyb (D:4)
  Terence (D:2)
  11 gnolls
  5 adders
  2 river rats (D:3)
  A shadow imp (D:6)
  7 worms
  3 dart slugs
  17 orcs
  12 endoplasms
  9 giant cockroaches
  11 goblins
  2 hobgoblins
  12 jackals
  8 quokkas
  11 ball pythons
  6 bats
  4 frilled lizards
  14 kobolds
  9 rats
207 creatures vanquished.

Vanquished Creatures (collateral kills)
  An orc (D:7)
1 creature vanquished.

Vanquished Creatures (others)
  An ancestor (D:7)
1 creature vanquished.

Grand Total: 209 creatures vanquished

Notes
Turn   | Place    | Note
-------+----------+-------------------------------------------
     0 | D:1      | CraigForest the Draconian Shapeshifter began the quest for
                  | the Orb.
     0 | D:1      | Reached XP level 1. HP: 16/16 MP: 1/1
    11 | D:1      | Found a faded altar of an unknown god.
    68 | D:1      | Reached XP level 2. HP: 22/23 MP: 2/2
   317 | D:1      | Reached XP level 3. HP: 27/28 MP: 3/3
  1102 | D:2      | Noticed Terence
  1123 | D:2      | Killed Terence
  1124 | D:2      | Reached skill level 4 in Unarmed Combat
  1124 | D:2      | Reached XP level 4. HP: 5/35 MP: 4/4
  1346 | D:2      | Found a snail-covered altar of Cheibriados.
  1835 | D:2      | Found Camaegge's Distillery.
  2322 | D:3      | Reached XP level 5. HP: 20/40 MP: 5/5
  2994 | D:3      | Noticed Grinder
  3015 | D:3      | Killed Grinder
  3016 | D:3      | Reached skill level 5 in Unarmed Combat
  3016 | D:3      | Reached XP level 6. HP: 15/48 MP: 6/6
  3233 | D:3      | Reached skill level 6 in Unarmed Combat
  3887 | D:4      | Noticed Edmund
  3900 | D:4      | Killed Edmund
  3901 | D:4      | Your scales start taking on a glossy black colour.
  3901 | D:4      | Reached XP level 7. HP: 48/53 MP: 7/7
  3901 | D:4      | Gained mutation: You are resistant to electric shocks.
                  | (rElec) [Black Draconian growth]
  3962 | D:4      | Reached skill level 7 in Unarmed Combat
  4328 | D:4      | Noticed Ijyb
  4330 | D:4      | Noticed Sigmund
  4337 | D:4      | Killed Ijyb
  4366 | D:4      | Killed Sigmund
  4618 | D:5      | Entered Level 5 of the Dungeon
  4705 | D:5      | Reached skill level 8 in Unarmed Combat
  4731 | D:5      | Reached XP level 8. HP: 56/61 MP: 8/8
  5095 | D:5      | Reached skill level 9 in Unarmed Combat
  5195 | D:5      | Noticed Menkaure
  5202 | D:5      | Killed Menkaure
  5391 | D:5      | Noticed Duvessa
  5391 | D:5      | Noticed Dowan
  5405 | D:5      | Killed Duvessa
  5412 | D:5      | Killed Dowan
  6072 | D:6      | Reached skill level 10 in Unarmed Combat
  6082 | D:6      | Reached XP level 9. HP: 61/68 MP: 9/9
  6408 | D:6      | Found Tuapp's Antique Weapon Shop.
  6548 | D:6      | Found a sparkling altar of Nemelex Xobeh.
  6548 | D:6      | Found a sacrificial altar of Ru.
  6606 | D:6      | Reached skill level 5 in Dodging
  6616 | D:6      | Found a staircase to the Ecumenical Temple.
  6639 | Temple   | Entered the Ecumenical Temple
  6677 | Temple   | Became a worshipper of Hepliaklqana the Forgotten
  7043 | D:7      | Noticed Maggie
  7053 | D:7      | Killed Maggie
  7054 | D:7      | Reached skill level 11 in Unarmed Combat
  7054 | D:7      | Reached skill level 5 in Shapeshifting
  7314 | D:7      | Reached skill level 12 in Unarmed Combat
  7317 | D:7      | HP: 2/69 [slime creature (8)]
  7560 | D:7      | Noticed a two-headed ogre
  7560 | D:7      | Noticed garrulousMonolith's ghost (novice OpSh)
  7563 | D:7      | Found a transporter.
  7609 | D:7      | Reached XP level 10. HP: 77/77 MP: 10/10
  7655 | D:7      | Found a transporter.
  7697 | D:7      | Reached * piety under Hepliaklqana
  7757 | D:7      | Found an ancient bone altar of Kikubaaqudgha.
  8015 | D:7      | HP: 1/103 [two-headed ogre/+0 dire flail (13)]
  8015 | D:7      | Slain by a two-headed ogre

Illustrated notes

Levels and vault maps discovered:
D:1:      onia_arrival_handbag, layout_basic, dreamdust_ecumenical_altar_grove,
          columned_hall_lemuel
D:2:      minmay_razor_zed, layout_basic, serial_shops, shop, basic_altar,
          grunt_decor_junction, minmay_misc_feat_doors, uniq_terence
D:3:      minmay_inner_zag, layout_basic, lightli_sewer_entry_pipes,
          minivault_25, uniq_grinder
D:4:      layout_loops_ring, grunt_decor_one_mirror, uniq_edmund, uniq_sigmund,
          uniq_ijyb
D:5:      layout_loops_ring, minmay_misc_feat_more_columns, abandoned_shop,
          uniq_duvessa, uniq_menkaure
D:6:      layout_basic, gammafunk_temple_overflow_wave,
          minmay_temple_entry_junction, serial_shops, nicolae_shop_tiny_glass,
          st_stairs_7, nicolae_underground_beach
D:7:      cheibrodos_fertilizer, layout_loops_ring,
          nicolae_kikubaaqudgha_miasma_corner, gammafunk_ghost_arena,
          minivault_11, minmay_crystal_water, uniq_maggie
Temple:   nicolae_temple_bog_church

Skill      XL: |  1  2  3  4  5  6  7  8  9 |
---------------+----------------------------+-----
Dodging        | 2 3 4 5 |  5.4
Unarmed Combat | 4 5 6 8 10 12 | 12.5
Fighting       | 2 3 |  3.0
Shapeshifting  | 4 5 |  5.2
Stealth        | |  0.1
Shields        | |  0.1

Action                     |  1- 3 |  4- 6 |  7- 9 | 10-12 || total
---------------------------+-------+-------+-------+-------++-------
  Melee: Unarmed           |   140 |   285 |   374 |    43 ||   842
         Tailslap          |    14 |    30 |    42 |     7 ||    93
         Punch             |     2 |     6 |    23 |     1 ||    32
 Invoke: Ancestor Identity |       |       |       |     1 ||     1
  Evoke: Wand              |       |       |     2 |     1 ||     3
    Use: Scroll            |       |    11 |     1 |       ||    12
         Potion            |       |       |     4 |     5 ||     9
   Stab: Sleeping          |     3 |     4 |     2 |       ||     9
 Armour: Skin              |    32 |    75 |   110 |    26 ||   243
  Dodge: Dodged            |    76 |   123 |   144 |    33 ||   376
  Block: Other             |       |       |     6 |    10 ||    16
         Form:             |     1 |       |       |       ||     1

Table legend: (Time is in decaauts)
 A = Elapsed time spent in this place.
 B = Non-inter-level travel time spent in this place.
 C = Inter-level travel time spent in this place.
 D = Time resting spent in this place.
 E = Time spent auto-exploring this place.
 F = Levels seen in this place.
 G = Mean time per level.
                   A        B        C        D        E       F      G
               +--------+--------+--------+--------+--------+-----+--------+
         Total |   7918 |   6140 |   1778 |      0 |   4365 |   8 |  989.8 |
       Dungeon |   7849 |   6134 |   1715 |      0 |   4365 |   7 | 1121.3 |
        Temple |     68 |      6 |     62 |      0 |      0 |   1 |   68.0 |
               +--------+--------+--------+--------+--------+-----+--------+

Top non-repeatable levels by time:
     D:3: 1546 daAuts
     D:5: 1175 daAuts
     D:2: 1159 daAuts
     D:6: 1139 daAuts
     D:4: 952 daAuts
     D:7: 940 daAuts
     D:1: 935 daAuts
  Temple: 68 daAuts
